 Dungeon Crawl Stone Soup version 0.29.0-13-gc9e81de378 (webtiles) character file.

Game seed: 14267765054775798615

1059 xian the Cudgeller (level 8, -11/68 HPs)
             Began as a Minotaur Gladiator on Sept 10, 2022.
             Was a Follower of Qazlal.
             Mangled by an ogre
             ... wielding a +0 giant club
              (15 damage)
             ... on level 5 of the Dungeon.
             The game lasted 00:12:50 (4636 turns).

xian the Cudgeller (Minotaur Gladiator)             Turns: 4636, Time: 00:12:50

Health: -11/68     AC: 10    Str: 20 (21) XL:     8   Next: 6%
Magic:  7/7        EV:  9    Int:  3 (5)  God:    Qazlal [*.....]
Gold:   234        SH:  1    Dex: 11 (12) Spells: 7/7 levels left

rFire   . . .      SeeInvis .   v - +4 morningstar (spect)
rCold   + + .      Faith    .   (no shield)
rNeg    . . .      Spirit   .   a - +0 chain mail
rPois   +          Reflect  .   c - +0 hat
rElec   +          Harm     .   (no cloak)
rCorr   +          Rampage  .   (no gloves)
Will    .....                   o - +0 pair of boots
Stlth   ..........              (no amulet)
HPRegen 0.21/turn               h - ring of ice
MPRegen 0.10/turn               (no ring)

@: brilliant, resistant
A: horns 2, retaliatory headbutt
a: Renounce Religion


You were on level 5 of the Dungeon.
You worshipped Qazlal.
Qazlal was aware of your devotion.
You visited 2 branches of the dungeon, and saw 6 of its levels.
You also visited: Ossuary.

You collected 300 gold pieces.
You spent 66 gold pieces at shops.

Inventory:

Hand Weapons
 v - a +4 spectral morningstar (weapon)
Missiles
 d - 2 throwing nets
 k - 8 boomerangs
 y - 5 silver boomerangs (quivered)
 A - 5 poisoned darts
Armour
 a - a +0 chain mail (worn)
 c - a +0 hat (worn)
 o - a +0 pair of boots (worn)
Jewellery
 h - a ring of ice (left hand)
Wands
 e - a wand of flame (4)
 g - a wand of charming (4)
Scrolls
 j - a scroll of vulnerability {unknown}
 l - a scroll of poison
 m - 2 scrolls of immolation
 r - 2 scrolls of teleportation
 w - a scroll of butterflies
 z - a scroll of amnesia {unknown}
Potions
 b - a potion of magic {unknown}
 f - 2 potions of degeneration
 i - a potion of flight
 n - 2 potions of resistance
 p - a potion of lignification
 q - a potion of brilliance
 s - a potion of might
 t - a potion of cancellation {unknown}
 u - a potion of haste {unknown}
 x - a potion of curing {unknown}


   Skills:
 + Level 5.0 Fighting
 + Level 5.4(6.8) Axes
 + Level 6.2(7.2) Maces & Flails
 + Level 2.3 Throwing
 + Level 4.2 Armour
 + Level 5.6 Dodging
 + Level 0.4 Stealth


You had 7 spell levels left.
You didn't know any spells.
Your spell library contained the following spells:

 Spells                   Type           Power      Damage    Failure   Level
 Shock                    Conj/Air       0%         1d3       99%         1
 Ozocubu's Armour         Ice            0%         N/A       100%        3
 Swiftness                Air            0%         N/A       100%        3
 Airstrike                Air            0%         2d(0-16)  100%        4
 Ozocubu's Refrigeration  Ice            0%         4d7       100%        7


Dungeon Overview and Level Annotations

Branches:
Dungeon (5/15)             Temple (1/1) D:4         Ossuary (visited)

Altars:
Ashenzari
Cheibriados
Dithmenos
Elyvilon
Hepliaklqana
Kikubaaqudgha
Makhleb
Okawaru
Qazlal
Ru
Trog
Vehumet
Wu Jian
Xom
Yredelemnul
Zin

Shops:
D:3 ?


Innate Abilities, Weirdness & Mutations

You have a pair of horns on your head.
You reflexively headbutt those who attack you in melee.


Message History

You barely miss the orc. The orc hits you but does no damage.
You barely miss the orc. The orc hits you but does no damage.
You puncture the orc!
You kill the orc!
Qazlal accepts your kill.
You hit the orc. You headbutt the orc.
The orc is severely wounded.
The orc hits you but does no damage.
You thump the orc!
You kill the orc!
Qazlal accepts your kill.
You sock the ogre!
The ogre is heavily wounded.
The ogre closely misses you.
You sock the ogre!
The ogre is severely wounded.
You hear the slow rusting of a drain very nearby.
The ogre hits you with a +0 giant club!
* * * LOW HITPOINT WARNING * * *
You hit the ogre.
The ogre is almost dead.
You barely miss the ogre.
The ogre is almost dead.
The ogre hits you with a +0 giant club!
* * * LOW HITPOINT WARNING * * *
Okay, then.
You barely miss the ogre. Your headbutt misses the ogre.
The ogre is almost dead.
The ogre hits you with a +0 giant club.
* * * LOW HITPOINT WARNING * * *
It was a potion of brilliance.
You feel clever all of a sudden. The ogre closely misses you.
You furiously retaliate!
You headbutt the ogre.
It was a potion of resistance.
You feel protected.
It was a potion of degeneration.
There was something very wrong with that liquid.
You feel weakened.
You feel dopey.
You feel clumsy. The ogre hits you with a +0 giant club!
You die...

*,........# *,,,*#....<..#
*,........# *,,,*#)...<..#
********,...>....# *,,,*#.......#
,,,,,,,,,.<......##*,,,*#.......#
********,...o.....,,,,,*#.......#
********,..Oo....#**,,,*#.......#
~,~~~~~**......oo# *,,,*####.####
~~~~~~,~*#######O# *,,,* #.#
******,,* #@##*,,,* #)# ~~~~~~,,*
#..###*** #.# ~~,∩,~~** ##...#
#.# ~~~~~~** ###.# ### #.#
********* ##.# #.####.#
~~~~~~~~** ##..###.....)###
~~~~~~,~,* ***#.......###.)..#*
******~~,* *#.....###### ##.#...
*,,*,**,,* #.....## ***#.#...


You could see an ogre and 2 orcs.

Vanquished Creatures
  2 black bears (D:4)
  A centaur (D:5)
  An ogre (D:4)
  An elf zombie (Ossuary)
  A scorpion (D:5)
  3 centaur zombies (Ossuary)
  A gnoll bouda (D:4)
  3 human zombies (Ossuary)
  An orc priest (D:5)
  An iguana (D:4)
  Terence (D:3)
  A hound zombie (Ossuary)
  3 mummies (Ossuary)
  8 adders
  4 gnolls (D:4)
  3 adder zombies (Ossuary)
  A worm (D:2)
  A dart slug (D:3)
  17 orcs
  7 ball pythons
  4 bats
  2 endoplasms
  4 giant cockroaches
  4 gnoll zombies (Ossuary)
  10 goblins
  8 hobgoblins
  4 jackals (D:1)
  5 kobolds
  4 quokkas
  4 frilled lizards
  3 goblin zombies (Ossuary)
  3 hobgoblin zombies (Ossuary)
  3 jackal zombies (Ossuary)
  6 kobold zombies (Ossuary)
  3 quokka zombies (Ossuary)
  3 rat zombies (Ossuary)
131 creatures vanquished.

Notes
Turn   | Place    | Note
-------+----------+-------------------------------------------
     0 | D:1      | xian the Minotaur Gladiator began the quest for the Orb.
     0 | D:1      | Reached XP level 1. HP: 18/18 MP: 0/0
    49 | D:1      | Reached XP level 2. HP: 12/25 MP: 1/1
   727 | D:1      | You fall into a shaft and drop 1 floor!
   782 | D:2      | Reached XP level 3. HP: 28/31 MP: 2/2
  1254 | D:2      | Reached skill level 1 in Armour
  1425 | D:2      | Found a faded altar of an unknown god.
  1475 | D:2      | Reached XP level 4. HP: 35/38 MP: 3/3
  1731 | D:3      | Noticed Terence
  1740 | D:3      | Killed Terence
  1796 | D:3      | Found a radiant altar of Vehumet.
  1995 | D:3      | Found Mat Van's Magic Scroll Shoppe.
  2015 | D:3      | Bought a scroll of noise for 11 gold pieces
  2018 | D:3      | Bought a scroll of identify for 22 gold pieces
  2021 | D:3      | Bought a scroll of teleportation for 33 gold pieces
  2392 | D:4      | Found a sand-covered staircase.
  2397 | Ossuary  | Entered an ossuary
  2497 | Ossuary  | Reached skill level 5 in Axes
  2497 | Ossuary  | Reached XP level 5. HP: 39/46 MP: 4/4
  2595 | Ossuary  | Reached skill level 1 in Maces & Flails
  2610 | Ossuary  | Reached XP level 6. HP: 28/52 MP: 5/5
  2657 | Ossuary  | Reached skill level 2 in Maces & Flails
  3060 | Ossuary  | Reached skill level 3 in Maces & Flails
  3205 | D:4      | Reached skill level 4 in Maces & Flails
  3205 | D:4      | Reached XP level 7. HP: 45/60 MP: 6/6
  3219 | D:4      | Found a staircase to the Ecumenical Temple.
  3228 | Temple   | Entered the Ecumenical Temple
  3373 | Temple   | Became a worshipper of Qazlal Stormbringer
  3599 | D:4      | Reached skill level 5 in Dodging
  3783 | D:4      | Found a sacrificial altar of Ru.
  3812 | D:4      | Reached skill level 5 in Maces & Flails
  4386 | D:4      | Found a glowing silver altar of Zin.
  4533 | D:5      | Entered Level 5 of the Dungeon
  4621 | D:5      | Reached skill level 5 in Fighting
  4621 | D:5      | Reached skill level 6 in Maces & Flails
  4621 | D:5      | Reached XP level 8. HP: 26/68 MP: 7/7
  4623 | D:5      | Reached * piety under Qazlal
  4636 | D:5      | Mangled by an ogre

Illustrated notes

Levels and vault maps discovered:
D:1:      ncdulo_smallfort, layout_rooms
D:2:      layout_basic, hellmonk_ecumenical_altar_leap_of_faith
D:3:      layout_rooms, vehumet_altar_wand_db, serial_shops, shop_scrolls,
          uniq_terence
D:4:      nicolae_cairo_tiling_large, layout_loops_cross,
          nicolae_ru_sacrificial_ziggurat, zin_scriptorium,
          minmay_temple_entry_statues, enter_ossuary_5
D:5:      layout_rooms, gup_sewer_entry_pipe
Temple:   nicolae_temple_bog_church

Skill      XL: |  1  2  3  4  5  6  7 |
---------------+----------------------+-----
Axes           | 4 5 |  5.4
Fighting       | 3 4 5 |  5.0
Dodging        | 4 5 |  5.6
Armour         | 1 2 4 |  4.2
Maces & Flails | 1 4 6 |  6.2
Throwing       | |  2.3
Stealth        | |  0.4

Action                   |  1- 3 |  4- 6 |  7- 9 || total
-------------------------+-------+-------+-------++-------
Melee: War axe           |    74 |    37 |       ||   111
       Headbutt          |     9 |    31 |     8 ||    48
       Morningstar       |       |    86 |    54 ||   140
       Punch             |       |     1 |     1 ||     2
Throw: Throwing net      |     3 |     1 |       ||     4
       Javelin           |     1 |     1 |       ||     2
       Boomerang         |       |       |     2 ||     2
  Use: Scroll            |       |    10 |     1 ||    11
       Potion            |       |       |     3 ||     3
Armor: Leather armour    |    17 |    41 |       ||    58
       Chain mail        |       |       |    22 ||    22
Dodge: Dodged            |    57 |   100 |    16 ||   173
